 Dungeon Crawl Stone Soup version 0.24.0-123-gd5b16e6ec5 (webtiles) character file.

Game seed: 2928551556512963532, levelgen mode: deterministic

957 FluffierThanThou the Skirmisher (level 7, -4/85 HPs)
             Began as a Demonspawn Berserker on Jan 14, 2020.
             Was an Elder of Trog.
             Slain by dasteron's ghost (8 damage)
             ... on level 5 of the Dungeon.
             The game lasted 00:12:36 (4280 turns).

FluffierThanThou the Skirmisher (DsBe)              Turns: 4280, Time: 00:12:37

Health: -4/85      AC: 17    Str: 25    XL:     7   Next: 91%
Magic:  0/7        EV:  9    Int:  8    God:    Trog [****..]
Gold:   386        SH:  3    Dex: 12    Spells: 6/6 levels left

rFire    . . .     SeeInvis .   a - +0 hand axe
rCold    . . .     Gourm    .   m - +0 buckler (curse)
rNeg     . . .     Faith    .   u - +0 chain mail
rPois    .         Spirit   +   p - +0 helmet
rElec    .         Reflect  .   o - +0 cloak
rCorr    .         Harm     .   (no gloves)
MR       .....                  (no boots)
Stlth    ..........             (no amulet)
HPRegen  0.24/turn              (no ring)
MPRegen  0.10/turn              (no ring)

@: berserking (expiring), sanguine armour, starving, very quick
A: foul stench 1, magic shield, rot immunity, sanguine armour 1
a: Berserk, Trog's Hand, Brothers in Arms, Renounce Religion


You were on level 5 of the Dungeon.
You worshipped Trog.
Trog was greatly pleased with you.
You were starving.

You visited 1 branch of the dungeon, and saw 5 of its levels.
You also visited: Sewer.

You collected 386 gold pieces.

Inventory:

Hand Weapons
 a - a +0 hand axe (weapon)
Missiles
 j - 2 throwing nets (quivered) {!f}
Armour
 b - a +0 animal skin
 c - a +0 cloak
   (You took it off Crazy Yiuf on level 3 of the Dungeon)
 m - a cursed +0 buckler (worn)
   (You found it on level 2 of the Dungeon)
 o - a +0 cloak (worn)
   (You found it on level 2 of the Dungeon)
 p - a +0 helmet (worn)
   (You found it on level 2 of the Dungeon)
 u - a +0 chain mail (worn)
   (You found it on level 3 of the Dungeon)
 A - a +0 pair of gloves
   (You found it on level 4 of the Dungeon)
 C - a +0 plate armour
   (You found it on level 4 of the Dungeon)
Jewellery
 d - an uncursed ring of positive energy {unknown}
   (You found it on level 1 of the Dungeon)
 t - an uncursed amulet of harm {unknown}
   (You found it on level 3 of the Dungeon)
 E - a +3 amulet of reflection {unknown}
   (You found it on level 4 of the Dungeon)
 G - an uncursed amulet of magic regeneration {unknown}
   (You found it on level 5 of the Dungeon)
Wands
 v - a wand of disintegration (8)
   (You found it on level 5 of the Dungeon)
Scrolls
 f - 2 scrolls of fear {unknown}
 g - 3 scrolls of teleportation {unknown}
 h - a scroll of magic mapping {unknown}
 i - 2 scrolls of enchant armour {unknown}
 l - 3 scrolls of identify {unknown}
 n - 4 scrolls of fog {unknown}
 q - 3 scrolls of remove curse {unknown}
 s - a scroll of random uselessness {unknown}
 x - a scroll of blinking {unknown}
 y - a scroll of noise {unknown}
Potions
 k - 2 potions of agility {unknown}
 r - 2 potions of curing {@q1}
 w - a potion of might {unknown}
 z - 2 potions of flight {unknown}
 D - a potion of cancellation {unknown}
Comestibles
 e - 10 rations {!d}


   Skills:
 * Level 5.9 Fighting
 * Level 5.5 Axes
 + Level 3.8 Armour
 + Level 3.7 Dodging


You had 6 spell levels left.
You didn't know any spells.
Your spell library was empty.

Dungeon Overview and Level Annotations

Branches:
Dungeon (5/15)              Sewer (visited)
 Temple: D:4-7

Altars:
Ashenzari

Annotations:
D:5 2 runed translucent doors, dasteron's ghost, novice TrMo


Innate Abilities, Weirdness & Mutations

You may emit foul miasma when damaged in melee.
When hurt, damage is shared between your health and your magic reserves.
You are immune to rotting.
When seriously injured, your bleeding wounds create armour. (AC +6)


Message History

* * * LOW HITPOINT WARNING * * *
The worm barely misses you.
It was a potion of berserk rage.
You're still recovering from your berserk rage.
Dasteron's ghost hits you but does no damage.
You hit dasteron's ghost. You hit the worm. Dasteron's ghost hits you.
* * * LOW HITPOINT WARNING * * *
The worm splashes around in the water.
Dasteron's ghost hits you.
* * * LOW HITPOINT WARNING * * *
Dasteron's ghost hits you but does no damage.
Dasteron's ghost hits you.
* * * LOW HITPOINT WARNING * * *
You block dasteron's ghost's attack.
There is an open translucent door, spattered with blood here.
You see here a ball python corpse.
Dasteron's ghost hits you but does no damage.
Dasteron's ghost feints to the right.
Dasteron's ghost closely misses you.
Dasteron's ghost hits you but does no damage.
Dasteron's ghost hits you but does no damage.
Dasteron's ghost completely misses you.
You feel yourself speed up. You block dasteron's ghost's attack.
You recover from your berserk rage.
A red film seems to cover your vision as you go berserk!
You feel yourself moving faster!
You feel mighty!
You are near starving!
Dasteron's ghost hits you!
* * * LOW HITPOINT WARNING * * *
Your chain mail prevents you from hitting dasteron's ghost.
You closely miss dasteron's ghost. You block dasteron's ghost's attack.
You closely miss dasteron's ghost. Dasteron's ghost barely misses you.
Your shield and chain mail prevent you from hitting dasteron's ghost.
You slash dasteron's ghost! Dasteron's ghost hits you!
* * * LOW HITPOINT WARNING * * *
You closely miss dasteron's ghost.
Dasteron's ghost hits you but does no damage.
You slash dasteron's ghost!
Your chain mail prevents you from hitting dasteron's ghost.
Dasteron's ghost hits you but does no damage.
You closely miss dasteron's ghost. Dasteron's ghost hits you!
* * * LOW HITPOINT WARNING * * *
You are starving!
You hit dasteron's ghost.
You hit dasteron's ghost but do no damage.
Dasteron's ghost hits you!
* * * LOW HITPOINT WARNING * * *
You hit dasteron's ghost but do no damage.
Dasteron's ghost hits you!
You die...

#.#..############# #.#
#.>.... #....# #.....# #.#
##..#... #.##.####.#####
#.###...#... ..##.##...#
#.##...###.. ..##w##...##
#....#.####. .###.##....##
######.##.....!.. .#
#.#####..## #............####
.#
#.######..####.#####...#..#
##
#...w.....w.W@.##.....###.# #
#########....####.###.# #.##
# #....#.....#.###.# #..###
##.#####......##..####...#
#....................###.(
####.#.########............#.
###......#
#.........####.....
###....##### #........##
##...# ....##.# #.......##
##...


You could see a worm and dasteron's ghost.

Vanquished Creatures
  Sigmund (D:4)
  An ice beast (D:5)
  2 ogres
  A crocodile (Sewer)
  Blork the orc (D:4)
  A scorpion (D:4)
  Crazy Yiuf (D:3)
  A centaur skeleton (D:4)
  3 worker ants
  A hound skeleton (D:5)
  A worker ant zombie (D:5)
  Robin (D:3)
  5 adders
  A river rat (D:5)
  3 oozes
  An adder zombie (D:5)
  A worm (D:3)
  5 dart slugs
  7 leopard geckos
  9 giant cockroaches
  15 goblins
  5 hobgoblins
  10 jackals
  5 kobolds
  3 quokkas
  A ball python (D:5)
  15 bats
  7 frilled lizards
  6 rats
114 creatures vanquished.

Notes
Turn   | Place    | Note
-------+----------+-------------------------------------------
     0 | D:1      | FluffierThanThou the Demonspawn Berserker began the quest
                  | for the Orb.
     0 | D:1      | Reached XP level 1. HP: 18/18 MP: 1/1
    41 | D:1      | Gained mutation: When hurt, damage is shared between your
                  | health and your magic reserves. [demonic ancestry]
    41 | D:1      | Reached XP level 2. HP: 19/24 MP: 2/2
   521 | D:2      | Gained mutation: You are immune to rotting. [demonic
                  | ancestry]
   521 | D:2      | Reached XP level 3. HP: 28/29 MP: 3/3
   588 | D:2      | Reached ** piety under Trog
   719 | D:2      | Reached XP level 4. HP: 20/37 MP: 1/4
  1308 | D:3      | Found a shattered altar of Ashenzari.
  1539 | D:3      | Noticed Robin
  1914 | D:3      | Reached *** piety under Trog
  1923 | D:3      | Killed Robin
  1923 | D:3      | Reached XP level 5. HP: 21/42 MP: 1/5
  2151 | D:3      | Found a runed translucent door.
  2152 | D:3      | Noticed Crazy Yiuf
  2163 | D:3      | Killed Crazy Yiuf
  2721 | D:4      | Found a glowing drain.
  2745 | Sewer    | Entered a sewer
  2777 | Sewer    | Noticed a crocodile
  2787 | Sewer    | Killed a crocodile
  2787 | Sewer    | Gained mutation: You may emit foul miasma when damaged in
                  | melee. [demonic ancestry]
  2787 | Sewer    | Reached XP level 6. HP: 49/49 MP: 6/6
  2873 | D:4      | Noticed Sigmund
  2893 | D:4      | Killed Sigmund
  2893 | D:4      | Reached skill level 5 in Fighting
  2893 | D:4      | Gained mutation: When seriously injured, your bleeding
                  | wounds create armour. (AC +6) [demonic ancestry]
  2893 | D:4      | Reached XP level 7. HP: 56/56 MP: 4/7
  2984 | D:4      | Noticed Blork the orc
  3011 | D:4      | Killed Blork the orc
  3238 | D:4      | Reached **** piety under Trog
  3302 | D:4      | Reached skill level 5 in Axes
  3502 | D:5      | Entered Level 5 of the Dungeon
  3894 | D:5      | Found a runed translucent door.
  3898 | D:5      | Noticed dasteron's ghost (novice TrMo)
  4069 | D:5      | Found a runed translucent door.
  4178 | D:5      | Found a runed translucent door.
  4279 | D:5      | HP: 4/85 [dasteron's ghost (6)]
  4280 | D:5      | Slain by dasteron's ghost

Levels and vault maps discovered:
D:1:      roderic_chinese_lattice_arrival, layout_rooms, minmay_misc_feat_rows
D:2:      layout_loops_ring, minmay_pentomino_s2
D:3:      layout_loops_ring, ashenzari_altar_1, uniq_robin,
          uniq_crazy_yiuf_cottage
D:4:      wander_river, layout_gridville, first_ration, gup_sewer_entry_pipe,
          dk_noncrumbling_2, uniq_sigmund, uniq_blork_the_orc
D:5:      layout_rooms, ebering_ghost_sewer_f, lightli_church_of_beogh

Skill      XL: |  1  2  3  4  5  6  7 |
---------------+----------------------+-----
Dodging        | 2 3 |  3.7
Axes           | 3 4 5 |  5.5
Armour         | 2 3 |  3.8
Fighting       | 4 5 |  5.9

Action                   |  1- 3 |  4- 6 |  7- 9 || total
-------------------------+-------+-------+-------++-------
Melee: Hand axe          |   132 |   217 |   144 ||   493
Invok: Berserk           |       |     5 |     4 ||     9
       Trog's Hand       |       |     1 |       ||     1
  Use: Potion            |     4 |       |     3 ||     7
 Stab: Sleeping          |     2 |     1 |       ||     3
  Eat: Chunk             |       |     8 |     1 ||     9
       Ration            |       |     1 |     2 ||     3
Armor: Animal skin       |    43 |    26 |       ||    69
       Skin              |     5 |     7 |       ||    12
       Chain mail        |       |    61 |    66 ||   127
Dodge: Dodged            |   135 |   105 |    56 ||   296
Block: Buckler           |       |    24 |    17 ||    41
